 Dungeon Crawl Stone Soup version 0.31-a0-236-g9a0961fb85 (webtiles) character file.

Game seed: 16958974104981525626

1221 Iich the Trooper (level 8, 0/74 HPs)
             Began as a Hill Orc Fighter on July 10, 2023.
             Shot with an arrow by a centaur (8 damage)
             ... on level 6 of the Dungeon.
             The game lasted 00:06:04 (3699 turns).

Iich the Trooper (Hill Orc Fighter)                 Turns: 3699, Time: 00:06:05

Health: 0/74       AC: 11    Str: 19    XL:     8   Next: 47%
Magic:  8/8        EV:  9    Int:  8    God:
Gold:   146        SH:  4    Dex: 12    Spells: 7/7 levels left

rFire   . . .        a - +1 war axe (chaos)
rCold   . . .        c - +0 buckler
rNeg    . . .        p - +0 chain mail
rPois   .            (no helmet)
rElec   .            m - +0 cloak
rCorr   .            (no gloves)
SInv    .            d - +0 pair of boots
Will    .....        (no amulet) Stlth
                     (no ring)
HPRegen 0.32/turn    (no ring)
MPRegen 0.11/turn

%: no passive effects
@: no status effects
A: no striking features
a: no special abilities


You were on level 6 of the Dungeon.
You visited 1 branch of the dungeon, and saw 6 of its levels.

You collected 146 gold pieces.

Inventory:

Hand Weapons
 a - a +1 war axe of chaos (weapon)
Missiles
 n - a throwing net (quivered)
Armour
 c - a +0 buckler (worn)
 d - a +0 pair of boots (worn)
 m - a +0 cloak (worn)
 p - a +0 chain mail (worn)
Jewellery
 o - a ring of fire
Scrolls
 e - a scroll of teleportation {unknown}
 f - a scroll of blinking {unknown}
 g - a scroll of fear
 h - a scroll of vulnerability
 l - a scroll of fog
 q - a scroll of brand weapon
 r - a scroll of enchant weapon
Potions
 b - a potion of magic {unknown}
 j - a potion of ambrosia {unknown}
 k - a potion of enlightenment {unknown}


   Skills:
 + Level 7.8 Fighting
 + Level 7.8 Axes
 - Level 3.2 Armour
 + Level 4.5 Dodging
 - Level 3.2 Shields


You had 7 spell levels left.
You didn't know any spells.
Your spell library contained the following spells:

 Spells                   Type           Power      Damage    Failure   Level
 Beastly Appendage        Tmut           0%         N/A       99%         1
 Shock                    Conj/Air       0%         1d3       99%         1
 Wereblood                Tmut           0%         N/A       100%        2
 Ozocubu's Armour         Ice            0%         N/A       100%        3
 Spider Form              Tmut/Pois      0%         N/A       100%        3
 Metabolic Englaciation   Hex/Ice        0%         N/A       100%        5
 Simulacrum               Ice/Necr       0%         N/A       100%        6


Dungeon Overview and Level Annotations

Branches:
Dungeon (7/15)
 Temple: D:4-7

Altars:
Sif Muna
Trog

Shops:
D:6 (


Message History

You take 1 damage, and have 36/74 hp.
You feel sick.
You feel sick.
There is an entrance to Caepp's Antique Weapon Emporium here.
You take 1 damage, and have 35/74 hp.
You can access your shopping list by pressing '$'.
Found a scale mail.
You feel sick.
You are no longer poisoned.
You take 1 damage, and have 34/74 hp.
A centaur comes into view.
The centaur shouts!
The centaur wields a +0 orcbow.
The centaur shoots an arrow.
The arrow barely misses you.
The centaur shoots an arrow.
The arrow hits you but does no damage.
The centaur shoots an arrow.
The arrow hits you!
* * * LOW HITPOINT WARNING * * *
You take 7 damage, and have 28/74 hp.
A river rat comes into view.
The centaur shoots an arrow.
You block the arrow.
The centaur shoots an arrow.
The arrow barely misses you.
The centaur shoots an arrow.
You block the arrow.
Found a stone staircase leading down.
The centaur shoots an arrow.
The arrow hits you.
* * * LOW HITPOINT WARNING * * *
You take 5 damage, and have 24/74 hp.
The centaur shoots an arrow.
The arrow barely misses you.
You hit the river rat. You burn the river rat.
The river rat is moderately wounded.
The river rat bites you.
* * * LOW HITPOINT WARNING * * *
The centaur shoots an arrow.
The arrow completely misses you.
You take 4 damage, and have 20/74 hp.
You completely miss the river rat.
The river rat is moderately wounded.
The centaur shoots an arrow.
The arrow hits you!
* * * LOW HITPOINT WARNING * * *
The river rat bites you.
* * * LOW HITPOINT WARNING * * *
The centaur shoots an arrow.
The arrow hits you!
You die...

♣.###############.
....##...........~~
####...##...........~~
#.......#...........# #.
#....#...........## #.
#....#...........~. #.
#....#∩............ #.
#....'............#
#.##...##.....@r.....#
###.............$......#
.###.######.......c....#
.# #.# #.............#
.###.# #.............#
###..# #.........[..>#
....## #.#########+###
....# #. ....#


You could see a centaur and a river rat.

Vanquished Creatures
  Sigmund (D:3)
  Duvessa (D:3)
  A black bear (D:7)
  An ogre (D:7)
  A centaur (D:7)
  3 scorpions
  Dowan (D:3)
  A gnoll bouda (D:3)
  2 jellies (D:4)
  An orc priest (D:4)
  Jessica (D:2)
  An orc wizard (D:7)
  Terence (D:3)
  13 gnolls
  5 adders
  A shadow imp (D:6)
  2 white imps
  A worm (D:2)
  4 dart slugs
  6 orcs
  6 endoplasms
  3 giant cockroaches
  5 goblins
  8 hobgoblins
  10 kobolds
  3 quokkas
  4 ball pythons
  5 bats
  3 frilled lizards
  7 rats
102 creatures vanquished.

Notes
Turn   | Place    | Note
-------+----------+-------------------------------------------
     0 | D:1      | Iich the Hill Orc Fighter began the quest for the Orb.
     0 | D:1      | Reached XP level 1. HP: 19/19 MP: 1/1
    63 | D:1      | Reached XP level 2. HP: 27/27 MP: 2/2
   293 | D:1      | Reached skill level 1 in Dodging
   293 | D:1      | Reached XP level 3. HP: 33/33 MP: 3/3
   550 | D:2      | Reached XP level 4. HP: 37/41 MP: 4/4
   654 | D:2      | Noticed Jessica
   661 | D:2      | Killed Jessica
   763 | D:2      | Reached XP level 5. HP: 47/47 MP: 5/5
   888 | D:2      | Reached skill level 5 in Fighting
  1699 | D:3      | Noticed Terence
  1700 | D:3      | Found a bloodstained altar of Trog.
  1705 | D:3      | Killed Terence
  1716 | D:3      | Found a shimmering blue altar of Sif Muna.
  1723 | D:3      | Reached skill level 5 in Axes
  1725 | D:3      | Got Sif Muna's Cyclopedia of Exhalation
  1793 | D:3      | Noticed Sigmund
  1810 | D:3      | Killed Sigmund
  1811 | D:3      | Reached XP level 6. HP: 51/57 MP: 6/6
  2347 | D:4      | Noticed Duvessa
  2347 | D:4      | Noticed Dowan
  2394 | D:4      | Reached XP level 7. HP: 57/63 MP: 7/7
  2779 | D:3      | Killed Dowan
  2782 | D:3      | Killed Duvessa
  3250 | D:4      | Reached XP level 8. HP: 73/73 MP: 8/8
  3327 | D:4      | You fall into a shaft and drop 3 floors!
  3687 | D:6      | Found Caepp's Antique Weapon Emporium.
  3699 | D:6      | Shot with an arrow by a centaur

Illustrated notes

Levels and vault maps discovered:
D:1:      dpeg_arrival_erosion, layout_rooms, st_stairs_9
D:2:      layout_basic, minmay_pentomino_pile, uniq_jessica
D:3:      layout_loops_corners, nzn_overflow_gifts_of_might_and_magic,
          nicolae_kite_square_tiling_tiny, uniq_terence, uniq_sigmund
D:4:      minmay_clustersquares, layout_basic,
          gammafunk_temple_overflow_elements, solitary_fountain, uniq_duvessa
D:6:      layout_basic, mainiacjoe_overflow_paths,
          minmay_temple_entry_butterflies, cheibrodos_sewer_entry_sluice,
          serial_shops, shop, nicolae_elevator_lobby_plus
D:7:      layout_basic, pdpol_wu_jian_five_deadly_venoms, uniq_maggie

Skill      XL: |  1  2  3  4  5  6  7  8 |
---------------+-------------------------+-----
Axes           | 3 4 5 6 7 |  7.8
Fighting       | 4 5 6 7 |  7.8
Dodging        | 1 2 3 4 |  4.5
Armour         | |  3.2
Shields        | |  3.2

Action                     |  1- 3 |  4- 6 |  7- 9 || total
---------------------------+-------+-------+-------++-------
  Melee: War axe           |    52 |   100 |   113 ||   265
    Use: Potion            |     1 |     1 |     1 ||     3
         Scroll            |       |     2 |     3 ||     5
 Armour: Scale mail        |    25 |    27 |       ||    52
         Chain mail        |       |    24 |    64 ||    88
         Skin              |       |       |    24 ||    24
  Dodge: Dodged            |    32 |    55 |    57 ||   144
  Block: Buckler           |     8 |    18 |    34 ||    60

Table legend: (Time is in decaauts)
 A = Elapsed time spent in this place.
 B = Non-inter-level travel time spent in this place.
 C = Inter-level travel time spent in this place.
 D = Time resting spent in this place.
 E = Time spent auto-exploring this place.
 F = Levels seen in this place.
 G = Mean time per level.
                   A        B        C        D        E       F      G
               +--------+--------+--------+--------+--------+-----+--------+
         Total |   3777 |   3650 |    127 |    569 |   2272 |   6 |  629.5 |
       Dungeon |   3777 |   3650 |    127 |    569 |   2272 |   6 |  629.5 |
               +--------+--------+--------+--------+--------+-----+--------+

Top non-repeatable levels by time:
     D:3: 1443 daAuts
     D:2: 990 daAuts
     D:1: 525 daAuts
     D:4: 439 daAuts
     D:7: 200 daAuts
     D:6: 177 daAuts
